 Dungeon Crawl Stone Soup version 0.31.0-9-g3a7656b989 (webtiles) character file.

Game seed: 2338365173555310715

114 qw the Shooter (level 4, -2/22 HPs)
             Began as a Spriggan Hunter on Feb 2, 2024.
             Slain by an orc priest
             ... wielding a +0 dagger
              (3 damage)
             ... on level 3 of the Dungeon.
             The game lasted 00:00:05 (1699 turns).

qw the Shooter (Spriggan Hunter)                    Turns: 1699, Time: 00:00:06

Health: -2/22      AC:  2    Str:  7    XL:     4   Next: 66%
Magic:  5/5        EV: 20    Int: 10    God:
Gold:   169        SH:  0    Dex: 20    Spells: 3/3 levels left

rFire   . . .        a - +1 shortbow
rCold   . . .        (shield currently unavailable)
rNeg    . . .        c - +0 robe
rPois   .            (helmet restricted)
rElec   .            (no cloak)
rCorr   .            (gloves unavailable)
SInv    +            (boots unavailable)
Will    .....        (no amulet)
Stlth   ++           (no ring)
HPRegen 0.23/turn    (no ring)
MPRegen 0.09/turn

%: no passive effects
@: very quick
A: very small, no large weapons, unfitting armour, see invisible, speed 3
a: no special abilities


You were on level 3 of the Dungeon.
You visited 1 branch of the dungeon, and saw 3 of its levels.

You collected 169 gold pieces.


Innate Abilities, Weirdness & Mutations

You are very small and have problems with some larger weapons.
You are too small for most types of armour.
You have supernaturally acute eyesight. (SInv)
You cover ground extremely quickly. (Speed+++)


   Skills:
 + Level 1.5 Fighting
 - Level 5.1 Ranged Weapons
 - Level 5.0 Dodging
 - Level 1.5 Stealth


You had 3 spell levels left.
You didn't know any spells.
Your spell library was empty.

Inventory:

Hand Weapons
 a - a +1 shortbow (weapon)
Armour
 c - a +0 robe (worn)
Potions
 d - a potion of curing
 f - a potion of mutation {unknown}
 i - a potion of might {unknown}

Dungeon Overview and Level Annotations

Branches:
Dungeon (3/15)

Altars:


Message History

You shoot an arrow. The arrow barely misses the orc.
You shoot an arrow. The arrow barely misses the orc.
The orc priest invokes the aid of Beogh against you.
Beogh smites you!
You shoot an arrow. The arrow hits the orc.
The orc is heavily wounded.
1689 ||| RETREEEEATING.
You shoot an arrow. The arrow hits the orc!
You kill the orc!
You shoot an arrow. The arrow closely misses the orc.
The orc hits you with a +0 short sword.
You shoot an arrow. The arrow hits the orc!
You kill the orc!
You shoot an arrow. The arrow hits the orc wizard.
The orc wizard is lightly wounded.
The orc wizard misses you.
You shoot an arrow. The arrow barely misses the orc wizard.
The orc wizard hits you but does no damage.
The orc priest miscasts a cantrip.
The orc wizard points at you and mumbles some strange words.
You easily resist.
You shoot an arrow. The arrow hits the orc wizard!
The orc wizard is severely wounded.
The orc wizard gestures at you while chanting.
The puff of flame misses you.
You shoot an arrow. The arrow hits the orc wizard.
You kill the orc wizard!
Your Dodging skill increases to level 5!
You shoot an arrow.
The arrow hits the orc priest but does no damage.
The orc priest closely misses you.
You shoot an arrow. The arrow hits the orc priest!
The orc priest is severely wounded.
The orc priest completely misses you.
The orc priest calls down the wrath of Beogh upon you.
Beogh smites you!
Ouch! That really hurt!
You shoot an arrow.
The arrow barely misses the orc priest. x2
The orc priest hits you with a +0 dagger.
You die...

#.####### #.......#
#.# ...############.#
#.#
.......>......#.####.#
####....##.#......#
#.##.##.........
#####.##.##.........
#oo@..##.##..?......
#'######.##.........
.........#
#.##.........
.........#
#.##.........
###....o.o
#..#.........
##....... #.........
#.#o..... #.........
#.#.#.o.#. #######+##
#.#. o....#


You could see 2 orc priests.

Vanquished Creatures
  Jessica (D:2)
  An orc wizard (D:3)
  An adder (D:2)
  A dart slug (D:2)
  2 orcs (D:3)
  4 endoplasms
  4 giant cockroaches
  6 goblins
  A hobgoblin (D:1)
  4 jackals (D:1)
  4 kobolds (D:1)
  3 quokkas
  2 ball pythons (D:1)
  4 bats
  6 frilled lizards
  4 rats
48 creatures vanquished.

Notes
Turn   | Place    | Note
-------+----------+-------------------------------------------
     0 | D:1      | qw the Spriggan Hunter began the quest for the Orb.
     0 | D:1      | Reached XP level 1. HP: 10/10 MP: 2/2
     0 | D:1      | 0 ||| qw: Version: 0.3-a-155-g5e7d8dd
     0 | D:1      | 0 ||| qw: Game counter: 890
     0 | D:1      | 0 ||| qw: Melee chars always use a shield: true
     0 | D:1      | 0 ||| qw: God list: Okawaru
     0 | D:1      | 0 ||| qw: Allow faded altars: false
     0 | D:1      | 0 ||| qw: Do Orc after clearing Dungeon:15 true
     0 | D:1      | 0 ||| qw: Do second Lair branch before Depths: true
     0 | D:1      | 0 ||| qw: Lair rune preference: random
     0 | D:1      | 0 ||| qw: Goals: Normal
     0 | D:1      | 0 ||| PLANNING D:1-11
    50 | D:1      | Reached skill level 3 in Dodging
   124 | D:1      | Reached XP level 2. HP: 13/14 MP: 3/3
   429 | D:1      | Reached XP level 3. HP: 18/18 MP: 4/4
   808 | D:1      | 808 ||| READING scroll labelled ZOFOANK MUOS.
   809 | D:1      | 809 ||| DRINKING 2 bubbling clear potions.
   810 | D:1      | 810 ||| DROPPING scroll of butterflies.
   925 | D:2      | Noticed Jessica
   928 | D:2      | Killed Jessica
   929 | D:2      | Reached XP level 4. HP: 22/22 MP: 5/5
  1566 | D:2      | 1566 ||| READING scroll labelled MEMPEA ITAKLUM.
  1566 | D:2      | 1566 ||| ENCHANTING +0 shortbow.
  1567 | D:2      | 1567 ||| READING scroll labelled IRCHUAD TIUCAIM.
  1567 | D:2      | 1567 ||| IDENTIFYING clear potion
  1568 | D:2      | 1568 ||| READING scroll labelled VUTZIV UNEJ.
  1569 | D:2      | 1569 ||| READING scroll labelled KENNEH HITO.
  1570 | D:2      | 1570 ||| DROPPING potion of degeneration.
  1685 | D:3      | 1685 ||| RETREEEEATING.
  1689 | D:3      | 1689 ||| RETREEEEATING.
  1698 | D:3      | HP: 1/22 [orc priest/divine providence (12)]
  1699 | D:3      | Slain by an orc priest

Levels and vault maps discovered:
D:1:      dpeg_arrival_brainrot, layout_basic
D:2:      layout_basic, uniq_jessica
D:3:      cheibrodos_pilgrimage, layout_basic, nicolae_wu_jian_wuxing_cycle,
          basic_ecumenical_altar

Skill      XL: |  1  2  3  4 |
---------------+-------------+-----
Dodging        | 3 4 5 |  5.0
Ranged Weapons | 5 |  5.1
Fighting       | |  1.5
Stealth        | |  1.5

Action                     |  1- 3 |  4- 6 || total
---------------------------+-------+-------++-------
   Fire: Shortbow          |    80 |    39 ||   119
    Use: Scroll            |     1 |     4 ||     5
         Potion            |     1 |       ||     1
 Armour: Robe              |     5 |     3 ||     8
  Dodge: Dodged            |    15 |     6 ||    21

Table legend:
 A = Non-vault XP
 B = Vault XP
 C = Vault XP percentage of total XP
 D = Non-vault monster count
 E = Vault monster count
 F = Vault count percentage of total count
                 A         B        C        D         E       F
            +---------+---------+-------+---------+---------+-------
      Total |      83 |      80 |  49.1 |      43 |       5 |  10.4
            +---------+---------+-------+---------+---------+-------
        D:1 |      45 |       2 |   4.3 |      29 |       1 |   3.3
        D:2 |      38 |      37 |  49.3 |      14 |       1 |   6.7
        D:3 |       0 |      41 | 100.0 |       0 |       3 | 100.0
            +---------+---------+-------+---------+---------+-------
